 Dungeon Crawl Stone Soup version 0.28-a0-1638-g9123634e07 (webtiles) character file.

Game seed: 535170005266206352

967 HallandMoats the Skirmisher (level 8, -2/70 HPs)
             Began as a Ghoul Fighter on Jan 25, 2022.
             Was a High Priest of Jiyva.
             Slain by a yak (14 damage)
             ... on level 5 of the Dungeon.
             The game lasted 00:04:06 (3638 turns).

HallandMoats the Skirmisher (Ghoul Fighter)         Turns: 3638, Time: 00:04:07

Health: -2/70      AC:  9    Str: 20    XL:     8   Next: 15%
Magic:  9/9        EV:  9    Int:  5    God:    Jiyva [*****.]
Gold:   90         SH:  4    Dex:  8    Spells: 7/7 levels left

rFire   . . .      SeeInvis .   d - +0 whip (venom)
rCold   + . .      Faith    .   b - +0 buckler
rNeg    + + +      Spirit   .   a - +0 scale mail
rPois   ∞          Reflect  .   (no helmet)
rElec   .          Harm     .   r - +0 cloak
rCorr   +          Rampage  .   e - +0 pair of gloves
Will    .....                   (no boots)
Stlth   ..........              (no amulet)
HPRegen 1.44/turn               (no ring)
MPRegen 0.56/turn               (no ring)

@: mighty, inhibited regen
A: claws 1, cold resistance 1, negative energy resistance 3, inhibited
regeneration, torment resistance 2
a: Renounce Religion, Oozemancy, Slimify


You were on level 5 of the Dungeon.
You worshipped Jiyva.
Jiyva was extremely pleased with you.
You visited 1 branch of the dungeon, and saw 5 of its levels.

You collected 90 gold pieces.

Inventory:

Hand Weapons
 d - a +0 whip of venom (weapon)
Armour
 a - a +0 scale mail (worn)
 b - a +0 buckler (worn)
 e - a +0 pair of gloves (worn)
 r - a +0 cloak (worn)
Wands
 q - a wand of charming (11)
Scrolls
 f - a scroll of silence {unknown}
 g - a scroll of blinking {unknown}
 j - a scroll of torment {unknown}
 m - a scroll of vulnerability {unknown}
 n - a scroll of identify {unknown}
 o - a scroll of enchant armour {unknown}
 p - a scroll of noise {unknown}
 s - a scroll of enchant weapon {unknown}
Potions
 h - a potion of magic {unknown}
 i - 2 potions of curing {unknown}
 k - a potion of berserk rage {unknown}
 l - a potion of haste {unknown}


   Skills:
 * Level 6.0 Fighting
 * Level 3.8 Maces & Flails
 + Level 3.9 Armour
 + Level 2.5 Dodging
 + Level 4.0 Shields
 - Level 2.3 Unarmed Combat
 + Level 3.3 Invocations


You had 7 spell levels left.
You didn't know any spells.
Your spell library contained the following spells:

 Spells                   Type           Power      Damage    Failure   Level
 Ignite Poison            Fire/Tmut/Pois 0%         N/A       99%         3
 Mephitic Cloud           Conj/Pois/Air  0%         N/A       99%         3
 Freezing Cloud           Conj/Ice/Air   0%         6-21      100%        5


Dungeon Overview and Level Annotations

Branches:
Dungeon (5/15)             Temple (0/1) D:5

Altars:
Jiyva

Shops:
D:3 ?


Innate Abilities, Weirdness & Mutations

You thrive by killing the living.
You are immune to poison.
You have sharp fingernails.
Your flesh is cold resistant. (rC+)
You are immune to negative energy. (rN+++)
You do not regenerate when monsters are visible.
You are immune to unholy pain and torment.


Message History

You hit the yak.
The yak looks as sick as possible!
The yak is heavily wounded.
The yak gores you!
You hit the yak.
The yak looks as sick as possible!
The yak is heavily wounded.
The yak gores you!
You barely miss the yak.
The yak is heavily wounded.
The yak gores you!
You closely miss the yak.
The yak is severely wounded.
The yak gores you!
You hit the yak but do no damage.
The yak looks as sick as possible!
The yak is severely wounded.
The yak gores you.
* * * LOW HITPOINT WARNING * * *
You barely miss the yak.
The yak is severely wounded.
The yak closely misses you.
You closely miss the yak.
The yak is severely wounded.
The yak gores you!
* * * LOW HITPOINT WARNING * * *
You whack the yak!
The yak looks as sick as possible!
The yak is almost dead.
The yak gores you.
* * * LOW HITPOINT WARNING * * *
You barely miss the yak.
The yak is almost dead.
You kill the yak!
Your Fighting skill increases to level 6!
Your Shields skill increases to level 4!
You have reached level 8!
You whack the orc!
You kill the orc!
You feel better.
You whack the yak!
The yak is poisoned.
The yak is lightly wounded.
The yak gores you!
You die...

######.#..#.#
#....#.##.#
#.####.##.# #.# #.#
#.# #.. #.# ### #.#
#.# #@# .. #Y# #
...####.#######..#
.................#
...#..........J...#
...#.###J.......#.#
................#
..#....#######.# .
####.# #


You could see a yak (very poisoned) and a neutral jelly (wandering)(fellow
slime).

Vanquished Creatures
  3 yaks (D:5)
  A sky beast (D:5)
  An ice beast (D:5)
  A scorpion (D:5)
  2 water moccasin skeletons
  A hound (D:5)
  An iguana (D:5)
  An orc wizard (D:4)
  A hound skeleton (D:4)
  8 adders
  A white imp (D:4)
  2 worms
  4 dart slugs
  9 orcs
  8 ball pythons
  2 giant cockroaches
  6 goblins
  4 hobgoblins
  4 jackals
  5 kobolds
  2 bats
  2 rats (D:1)
69 creatures vanquished.

Vanquished Creatures (others)
  A phantom (D:4)
  A bullfrog zombie (D:5)
  An adder (D:4)
  3 orcs
  4 bats
  An endoplasm (D:3)
  A giant cockroach (D:2)
  4 goblins
  2 hobgoblins (D:3)
  3 jackals (D:2)
  2 ball pythons
  A frilled lizard (D:3)
  A rat (D:2)
25 creatures vanquished.

Grand Total: 94 creatures vanquished

Notes
Turn   | Place    | Note
-------+----------+-------------------------------------------
     0 | D:1      | HallandMoats the Ghoul Fighter began the quest for the Orb.
     0 | D:1      | Reached XP level 1. HP: 19/19 MP: 0/0
    74 | D:1      | Found a faded altar of an unknown god.
    86 | D:1      | Prayed at the altar of an unknown god.
    86 | D:1      | Became a worshipper of Jiyva Jusimyfu the Shapeless
    86 | D:1      | Reached * piety under Jiyva
   322 | D:1      | Reached ** piety under Jiyva
   414 | D:1      | Reached XP level 2. HP: 26/26 MP: 1/1
   858 | D:2      | Reached XP level 3. HP: 32/33 MP: 2/2
   892 | D:2      | Reached *** piety under Jiyva
  1330 | D:2      | Reached skill level 1 in Maces & Flails
  1659 | D:3      | Found Dutepner's Magic Scroll Shop.
  1689 | D:3      | Reached **** piety under Jiyva
  1725 | D:3      | Reached XP level 4. HP: 40/40 MP: 3/3
  1814 | D:3      | Reached skill level 1 in Invocations
  1962 | D:3      | Reached skill level 4 in Fighting
  2146 | D:3      | Reached ***** piety under Jiyva
  2518 | D:4      | Reached skill level 1 in Dodging
  2518 | D:4      | Reached XP level 5. HP: 46/46 MP: 3/5
  3029 | D:5      | Entered Level 5 of the Dungeon
  3049 | D:5      | Noticed a phantom
  3105 | D:4      | Killed a phantom
  3106 | D:4      | Reached XP level 6. HP: 52/53 MP: 6/6
  3187 | D:5      | Noticed an ice beast
  3201 | D:5      | Killed an ice beast
  3294 | D:5      | Reached skill level 5 in Fighting
  3294 | D:5      | Reached XP level 7. HP: 61/61 MP: 7/7
  3302 | D:5      | Found a staircase to the Ecumenical Temple.
  3583 | D:5      | Noticed a yak
  3600 | D:5      | Killed a yak
  3604 | D:5      | Noticed a yak
  3605 | D:5      | Noticed a yak
  3605 | D:5      | Noticed a yak
  3623 | D:5      | Killed a yak
  3635 | D:5      | HP: 3/62 [yak (5)]
  3636 | D:5      | Killed a yak
  3637 | D:5      | Reached skill level 6 in Fighting
  3637 | D:5      | Reached XP level 8. HP: 4/70 MP: 9/9
  3638 | D:5      | Slain by a yak

Illustrated notes

Levels and vault maps discovered:
D:1:      lightli_arrival_boilingwater, layout_basic,
          shapermc_ecumenical_altar_mp_highgroup, minmay_pentomino_p4
D:2:      layout_basic, wad_orctagon
D:3:      layout_loops_corners, serial_shops, nicolae_shop_statue_plus
D:4:      layout_basic, minivault_25, minmay_manual_maat
D:5:      layout_basic, minmay_temple_entry_glassed_door

Skill      XL: |  1  2  3  4  5  6  7 |
---------------+----------------------+-----
Maces & Flails | 1 2 3 |  3.8
Shields        | 3 4 |  4.0
Armour         | 3 |  3.9
Invocations    | 1 2 3 |  3.3
Fighting       | 4 5 6 |  6.0
Dodging        | 1 2 |  2.5
Unarmed Combat | |  2.3

Action                   |  1- 3 |  4- 6 |  7- 9 || total
-------------------------+-------+-------+-------++-------
Melee: Unarmed           |    20 |       |       ||    20
       Whip              |    77 |   175 |    55 ||   307
  Use: Potion            |       |       |     1 ||     1
Armor: Scale mail        |    38 |    85 |    15 ||   138
Dodge: Dodged            |    28 |    72 |    10 ||   110
Block: Buckler           |    20 |    39 |     6 ||    65

Table legend: (Time is in decaauts)
 A = Elapsed time spent in this place.
 B = Non-inter-level travel time spent in this place.
 C = Inter-level travel time spent in this place.
 D = Time resting spent in this place.
 E = Time spent auto-exploring this place.
 F = Levels seen in this place.
 G = Mean time per level.
                   A        B        C        D        E       F      G
               +--------+--------+--------+--------+--------+-----+--------+
         Total |   3653 |   3523 |    130 |      0 |   2856 |   5 |  730.6 |
       Dungeon |   3653 |   3523 |    130 |      0 |   2856 |   5 |  730.6 |
               +--------+--------+--------+--------+--------+-----+--------+

Top non-repeatable levels by time:
     D:2: 949 daAuts
     D:3: 850 daAuts
     D:1: 709 daAuts
     D:4: 586 daAuts
     D:5: 558 daAuts
